 Dungeon Crawl Stone Soup version 0.30-a0-897-ga2f19c967e (webtiles) character file.

Game seed: 4852222190842868779

58150 Conn the Arsonist (level 14, -7/94 HPs)
             Began as an Octopode Fire Elementalist on Mar 18, 2023.
             Was a High Priest of Sif Muna.
             Mangled by a juggernaut skeleton (39 damage)
             ... on level 15 of the Dungeon.
             The game lasted 01:13:25 (22912 turns).

Conn the Arsonist (Octopode Fire Elementalist)     Turns: 22912, Time: 01:13:25

Health: -7/94      AC:  7    Str:  7    XL:     14   Next: 89%
Magic:  7/39       EV: 16    Int: 31    God:    Sif Muna [*****.]
Gold:   1120       SH:  5    Dex: 16    Spells: 1/37 levels left

rFire   + . .      SeeInvis .    q - +3 rapier "Sustet" {freeze, *Noise rCorr Dex+3}
rCold   . . .      Faith    .    (no shield)
rNeg    + + .      Spirit   .    K - +2 hat
rPois   +          Reflect  +    V - amulet "Liefymiy" {Reflect rPois Int+3 SH+5}
rElec   .          Rampage  .    y - ring of positive energy
rCorr   +                        z - ring of magical power
Will    ++...                    D - ring of protection from fire
Stlth   ++++                     F - +6 ring of intelligence
HPRegen 0.00/turn                Q - ring of positive energy
MPRegen 0.26/turn                v - +4 ring of protection
                                 (no ring)
                                 (no ring)

@: very slightly contaminated, inhibited regen
A: almost no armour, amphibious, 8 rings, camouflage 1, gelatinous body 1,
(nimble swimmer 1), tentacles, strong-willed 1, robust 1, inhibited
regeneration, wild magic 1
a: Renounce Religion, Channel Magic, Forget Spell, Divine Exegesis


You were on level 15 of the Dungeon.
You worshipped Sif Muna.
Sif Muna was extremely pleased with you.
You visited 2 branches of the dungeon, and saw 19 of its levels.

You collected 1360 gold pieces.
You spent 240 gold pieces at shops.

Inventory:

Hand Weapons
 p - the +8 whip "Yraexom" {spect, rCorr}
   (You found it on level 13 of the Dungeon)

   rCorr:     It protects you from acid and corrosion.
 q - the +3 rapier "Sustet" (weapon) {freeze, *Noise rCorr Dex+3}
   (You found it on level 3 of the Dungeon)

   Dex:       It affects your dexterity (+3).
   *Noise:    It may make noises in combat.
   rCorr:     It protects you from acid and corrosion.
 I - the +1 whip of Peace {protect, rF+}
   (You bought it in a shop on level 12 of the Dungeon)

   rF:        It protects you from fire.
 L - a +1 dagger of protection
Missiles
 l - 4 throwing nets
 u - 7 curare-tipped darts (quivered)
Armour
 e - the orb of Trial and Error {*Rage, Rampage rC+++ Int-4}
   (You found it on level 10 of the Dungeon)

   Int:       It affects your intelligence (-4).
   rC:        It renders you almost immune to cold.
   Rampage:   It bestows one free step when moving towards enemies.
 K - a +2 hat (worn)
Magical Staves
 H - a staff of poison
Jewellery
 v - a +4 ring of protection (on tentacle)
 y - a ring of positive energy (left tentacle)
 z - a ring of magical power (right tentacle)
 D - a ring of protection from fire (on tentacle)
 F - a +6 ring of intelligence (on tentacle)
 J - a ring of ice
 O - an amulet of magic regeneration
 Q - a ring of positive energy (on tentacle)
 S - a ring of ice
 U - an amulet of regeneration
 V - the amulet "Liefymiy" (around mantle) {Reflect rPois Int+3 SH+5}
   (You found it on level 3 of the Lair of Beasts)

   [amulet of reflection]

   It reflects blocked missile attacks.
   Int:       It affects your intelligence (+3).
   rPois:     It protects you from poison.
   SH:        It affects your SH (+5).
Wands
 w - a wand of roots (15)
 x - a wand of paralysis (29)
 C - a wand of flame (23)
 E - a wand of acid (20)
 P - a wand of polymorph (2)
 R - a wand of digging (5)
Scrolls
 d - 7 scrolls of teleportation
 g - 3 scrolls of blinking
 h - 4 scrolls of enchant armour
 k - 5 scrolls of fog
 m - a scroll of fear
 o - 3 scrolls of enchant weapon
 s - 2 scrolls of immolation
 t - 3 scrolls of magic mapping
 A - 3 scrolls of vulnerability
 N - a scroll of amnesia
 Y - a scroll of silence
Potions
 a - 3 potions of magic
 b - 5 potions of might
 c - 3 potions of heal wounds
 f - 12 potions of curing
 i - 5 potions of haste
 j - a potion of brilliance
 n - 2 potions of mutation
 r - 2 potions of lignification
 B - a potion of resistance
 G - 4 potions of ambrosia
 W - 2 potions of invisibility
 X - a potion of cancellation
Miscellaneous
 M - a condenser vane
 T - a lightning rod (4/4)


   Skills:
 * Level 4.3 Fighting
 + Level 5.8 Short Blades
 + Level 0.1 Throwing
 * Level 5.9 Dodging
 - Level 6.0 Stealth
 + Level 1.4 Shields
 + Level 0.1 Unarmed Combat
 + Level 12.0 Spellcasting
 * Level 10.5 Conjurations
 - Level 3.4 Hexes
 + Level 12.2 Fire Magic
 * Level 3.5 Ice Magic
 * Level 4.2 Air Magic
 * Level 5.3 Earth Magic
 * Level 10.2 Invocations
 + Level 0.4 Evocations


You had one spell level left.
You knew the following spells:

 Your Spells              Type           Power      Damage    Failure   Level
a - Foxfire               Conj/Fire      100%       2x1d9     1%          1
b - Iron Shot             Conj/Erth      36%        9d7       22%         6
c - Inner Flame           Hex/Fire       73%        N/A       1%          3
d - Flame Wave            Conj/Fire      86%        2d18      1%          4
e - Scorch                Fire           100%       2d10      1%          2
f - Summon Lightning Spi  Summ/Air       41%        N/A       16%         4
g - Freezing Cloud        Conj/Ice/Air   32%        6-21      10%         5
h - Fulminant Prism       Conj/Hex       34%        3d16      3%          4
i - Orb of Destruction    Conj           41%        9d11      36%         7

Your spell library contained the following spells:

 Spells                   Type           Power      Damage    Failure   Level
 Kiss of Death            Conj/Necr      100%       2d13      1%          1
 Shock                    Conj/Air       100%       1d9       1%          1
 Searing Ray              Conj           100%       2d8       1%          2
 Kindle Blastsparks       Fire/Tloc/Air  100%       2d18      1%          3
 Ignite Poison            Fire/Tmut/Pois 55%        N/A       3%          3
 Tukima's Dance           Hex            51%        N/A       3%          3
 Portal Projectile        Hex/Tloc       76%        N/A       6%          3
 Cause Fear               Hex            25%        N/A       10%         4
 Petrify                  Tmut/Erth      45%        N/A       13%         4
 Ice Form                 Ice/Tmut       38%        N/A       19%         4
 Conjure Ball Lightning   Conj/Air       35%        3x3d11    26%         6
 Borgnjor's Vile Clutch   Necr/Erth      22%        N/A       32%         5
 Passage of Golubria      Tloc           24%        N/A       34%         4
 Alistair's Intoxication  Tmut/Pois      16%        N/A       67%         5
 Blade Hands              Tmut           12%        N/A       67%         5
 Eringya's Noxious Bog    Tmut/Pois      12%        N/A       99%         6
 Animate Armour           Summ/Erth      Unusable   N/A       N/A         4

Dungeon Overview and Level Annotations

Branches:
Dungeon (15/15)            Temple (0/1) D:4            Lair (4/5) D:9
 Shoals (0/4) Lair:3        Snake (0/4) Lair:2          Orc (0/2) D:12
 Vaults (0/5) D:13
  Slime: Lair:4-5    Depths: D:15

Altars:
Ashenzari
Fedhas
Gozag
Kikubaaqudgha
Sif Muna
Uskayaw
Vehumet
Zin
The Shining One

Shops:
D:3 *   D:4 *   D:12 (

Annotations:
D:8 EnergyMaker's ghost, novice DsBe


Innate Abilities, Weirdness & Mutations

You cannot wear most types of armour.
You are amphibious.
You can wear up to eight rings at the same time.
Your skin changes colour to match your surroundings (Stealth+).
Your rubbery body absorbs attacks. (AC +1, EV +1)
((You are camouflaged when in or above water. (Stealth+)))
You have tentacles for arms and can constrict up to eight enemies at once.
You are strong-willed. (Will+)
You are robust. (+10% HP)
You do not regenerate when monsters are visible.
Your spells are a little harder to cast, but a little more powerful.


Message History

Casting: Foxfire (safe; 1% risk of failure)
Confirm with . or Enter, or press ? or * to list all spells.
You conjure some foxfire!
Your foxfire dissipates!
The foxfire hits the juggernaut skeleton but does no damage.
The juggernaut skeleton is moderately damaged.
The foxfire hits the juggernaut skeleton but does no damage.
The juggernaut skeleton is moderately damaged.
Casting: Foxfire (safe; 1% risk of failure)
Confirm with . or Enter, or press ? or * to list all spells.
An electric hum fills the air.
The foxfire hits the juggernaut skeleton but does no damage.
The juggernaut skeleton is moderately damaged.
The foxfire hits the juggernaut skeleton but does no damage.
The juggernaut skeleton is moderately damaged.
Your lightning spire shoots out a bolt of lightning at the juggernaut skeleton!
The bolt of electricity hits the juggernaut skeleton.
Flame seeps out of the juggernaut skeleton.
Casting: Summon Lightning Spire (dangerous; 16% risk of failure)
Confirm with . or Enter, or press ? or * to list all spells.
Flames lash the juggernaut skeleton.
Flame seeps out of the juggernaut skeleton.
The juggernaut skeleton is heavily damaged.
The juggernaut skeleton's fire resistance burns away.
Your lightning spire shoots out a bolt of lightning at the juggernaut skeleton!
The bolt of electricity hits the juggernaut skeleton!
Flame seeps out of the juggernaut skeleton.
Casting: Scorch (safe; 1% risk of failure)
Confirm with . or Enter, or press ? or * to list all spells.
The spell is quite dangerous to miscast (22% risk of failure)!
Continue anyway?
Aiming: Iron Shot (quite dangerous; 22% risk of failure)
Press: ? - help, Shift-Dir - straight line, f/p - juggernaut skeleton
Aim: a juggernaut skeleton (flame, heavily damaged, inner flame, more vulnerable to fire, ally target, 100% to hit)
You miscast Iron Shot.
You are very lightly contaminated with residual magic.
You are hit by flying rocks.
The juggernaut skeleton is engulfed in blazing flames.
Flame seeps out of the juggernaut skeleton.
The juggernaut skeleton hits you!!!
You die...

#.# #.# #.# ###.
#Z####..$$.
#..))))...
#.####..#.
#○####..# ..#
####.○.....#.#.
#.#
#..8..Z@(......
#.#
#.#######.#####
..# #.# # ..# #.#
..# #.# ..#### #.#
.....#####.#######
.###...)..........
.# ####.##########


You could see a juggernaut skeleton (inner flame, combustible, ally target) and
a friendly lightning spire (summoned).

Vanquished Creatures
  Harold (D:11)
  4 hydras
  2 ogre magi
  4 centaur warriors
  4 boulder beetles
  8 two-headed ogres
  5 death yaks
  2 skysharks
  Pikel (D:4)
  A phantasmal warrior (Lair:3)
  2 orc knights
  A necromancer (D:15)
  A wizard (D:14)
  3 deep elf pyromancers
  5 cyclopes
  6 ugly things
  A manticore (D:15)
  A black mamba (Lair:2)
  A merfolk siren (Lair:3)
  An elephant (Lair:4)
  A gargoyle (D:12)
  4 kobold demonologists
  10 komodo dragons
  A rime drake (shapeshifter) (D:13)
  5 cane toads
  3 rime drakes
  4 trolls
  Prince Ribbit (D:7)
  2 merfolk (Lair:3)
  5 polar bears
  3 blink frogs (Lair:4)
  14 slime creatures
  3 shadows
  A wyvern (shapeshifter) (D:14)
  3 wraiths
  5 wyverns
  4 basilisks
  36 yaks
  A human (Lair:3)
  Grum (D:11)
  A steam dragon (D:10)
  4 vampire mosquitoes (D:10)
  Edmund (D:4)
  4 wargs (D:13)
  3 nagas (Lair:2)
  7 water moccasins
  22 orc warriors
  An ice beast (D:8)
  3 black bears
  A sky beast (D:8)
  4 ogres
  20 wolves
  9 centaurs
  A lemure (D:5)
  A phantom (D:7)
  10 kobold brigands
  2 gnoll sergeants (D:9)
  8 bullfrogs
  5 necrophages (D:5)
  4 scorpions
  4 wights
  A water moccasin zombie (D:5)
  5 howler monkeys
  2 electric eels (D:9)
  A bullfrog zombie (D:5)
  5 hounds
  2 jellies
  A human zombie (D:5)
  5 orc priests
  An iron imp (D:5)
  2 sleepcaps (D:6)
  Jessica (D:2)
  9 orc wizards
  6 iguanas
  A hound zombie (D:5)
  A mummy (D:5)
  Robin (D:4)
  8 gnolls (D:9)
  8 adders
  A shadow imp (D:6)
  2 white imps (D:7)
  An ufetubus (D:5)
  An adder zombie (D:5)
  2 worms
  3 dart slugs
  85 orcs
  8 ball pythons
  6 endoplasms
  A giant cockroach (D:1)
  16 goblins
  4 hobgoblins
  8 jackals
  2 bats
  4 frilled lizards
  A goblin skeleton (D:5)
  A goblin zombie (D:5)
  A hobgoblin zombie (D:5)
  36 kobolds
  A kobold skeleton (D:5)
  2 kobold zombies (D:5)
  An orc skeleton (D:5)
  An orc zombie (D:5)
  5 rats
529 creatures vanquished.

Vanquished Creatures (collateral kills)
  A boulder beetle (D:13)
  9 foxfires
10 creatures vanquished.

Vanquished Creatures (others)
  1254 foxfires
  25 fungi
  34 plants
  6 withered plants (D:15)
1319 creatures vanquished.

Grand Total: 1858 creatures vanquished

Notes
Turn   | Place    | Note
-------+----------+-------------------------------------------
     0 | D:1      | Conn the Octopode Fire Elementalist began the quest for the
                  | Orb.
     0 | D:1      | Reached XP level 1. HP: 11/11 MP: 3/3
   171 | D:1      | Reached XP level 2. HP: 17/17 MP: 5/5
   278 | D:1      | You fall into a shaft and drop 1 floor!
   286 | D:2      | Noticed Jessica
   293 | D:2      | Killed Jessica
   294 | D:2      | Reached XP level 3. HP: 21/21 MP: 2/6
   850 | D:1      | Learned a level 2 spell: Scorch
   854 | D:1      | Learned a level 3 spell: Inner Flame
   905 | D:2      | Reached XP level 4. HP: 10/27 MP: 0/7
  1026 | D:2      | Found a faded altar of an unknown god.
  1056 | D:2      | Noticed a scorpion
  1060 | D:2      | Killed a scorpion
  1077 | D:2      | Reached XP level 5. HP: 31/31 MP: 1/9
  1947 | D:3      | Found a glowing silver altar of Zin.
  2022 | D:3      | Found Zin's Purification Station.
  2043 | D:3      | Identified the +3 rapier "Sustet" {freeze, *Noise rCorr
                  | Dex+3}
  2546 | D:4      | Found a staircase to the Ecumenical Temple.
  2551 | D:4      | Noticed Robin
  2585 | D:4      | Killed Robin
  2763 | D:4      | Found a radiant altar of Vehumet.
  2763 | D:4      | Found a hide-covered altar of Uskayaw.
  2834 | D:4      | Reached XP level 6. HP: 11/37 MP: 5/11
  2980 | D:4      | Reached skill level 1 in Short Blades
  3180 | D:4      | Noticed Pikel
  3226 | D:5      | Entered Level 5 of the Dungeon
  3485 | D:5      | Found a glowing golden altar of the Shining One.
  3832 | D:5      | Reached XP level 7. HP: 42/42 MP: 8/12
  3895 | D:5      | Reached skill level 1 in Fighting
  3895 | D:5      | Reached skill level 5 in Fire Magic
  3929 | D:5      | Found a blossoming altar of Fedhas.
  4607 | D:5      | Reached XP level 8. HP: 48/48 MP: 14/14
  4717 | D:5      | Found an ancient bone altar of Kikubaaqudgha.
  4900 | D:4      | Found Jaowkis's Lightly-Used Armoury.
  4913 | D:4      | Killed Pikel
  4914 | D:4      | Reached skill level 5 in Stealth
  4914 | D:4      | Reached skill level 1 in Hexes
  5163 | D:4      | Noticed Edmund
  5169 | D:4      | Killed Edmund
  5170 | D:4      | Reached skill level 5 in Spellcasting
  5170 | D:4      | Reached XP level 9. HP: 47/55 MP: 16/16
  5358 | D:5      | Reached skill level 5 in Short Blades
  6203 | D:6      | Found an opulent altar of Gozag.
  6413 | D:6      | Found a shimmering blue altar of Sif Muna.
  6423 | D:6      | Became a worshipper of Sif Muna the Loreminder
  6709 | D:7      | Reached skill level 1 in Invocations
  6794 | D:7      | Learned a level 4 spell: Flame Wave
  6912 | D:7      | Noticed Prince Ribbit
  6929 | D:7      | Killed Prince Ribbit
  7456 | D:7      | Reached XP level 10. HP: 31/62 MP: 19/19
  7458 | D:7      | Reached * piety under Sif Muna
  7817 | D:8      | Found a broken altar of Ashenzari.
  8044 | D:8      | Found a runed translucent gate.
  8044 | D:8      | Found a runed translucent gate.
  8044 | D:8      | Found a runed translucent gate.
  8046 | D:8      | Noticed EnergyMaker's ghost (novice DsBe)
  8099 | D:8      | Noticed a two-headed ogre
  8116 | D:8      | Killed a two-headed ogre
  8834 | D:8      | Found the +2 hood of the Assassin {Detect Stab+ Stlth++}
  8846 | D:8      | HP: 3/63 [orc warrior/+1 war axe of freezing (5)]
  9033 | D:9      | Reached skill level 5 in Conjurations
  9348 | D:9      | Reached ** piety under Sif Muna
  9415 | D:9      | Noticed a kobold demonologist
  9418 | D:9      | Killed a kobold demonologist
  9766 | D:9      | Noticed a two-headed ogre
  9774 | D:9      | Killed a two-headed ogre
  9775 | D:9      | Reached skill level 5 in Invocations
  9775 | D:9      | Reached XP level 11. HP: 67/67 MP: 22/23
  9987 | D:9      | Found a staircase to the Lair.
 10160 | Lair:1   | Entered Level 1 of the Lair of Beasts
 10634 | Lair:1   | HP: 2/67 [rime drake/icy flash freeze (20)]
 10634 | Lair:1   | Reached *** piety under Sif Muna
 11182 | Lair:1   | You fall into a shaft and drop 1 floor!
 11532 | Lair:2   | Reached XP level 12. HP: 72/72 MP: 24/25
 11855 | Lair:2   | Found a staircase to the Snake Pit.
 12369 | Lair:3   | Gained mutation: Your spells are a little harder to cast,
                  | but a little more powerful. [potion of mutation]
 12369 | Lair:3   | Gained mutation: You do not regenerate when monsters are
                  | visible. [potion of mutation]
 12369 | Lair:3   | Gained mutation: You are strong-willed. (Will+) [potion of
                  | mutation]
 12369 | Lair:3   | Gained mutation: You are robust. (+10% HP) [potion of
                  | mutation]
 12521 | Lair:3   | Noticed a seven-headed hydra
 12940 | Lair:3   | Noticed a skyshark
 12946 | Lair:3   | Killed a skyshark
 12947 | Lair:3   | Reached skill level 10 in Fire Magic
 12960 | Lair:3   | Noticed a five-headed hydra
 12967 | Lair:3   | Killed a five-headed hydra
 12974 | Lair:3   | Noticed a five-headed hydra
 12980 | Lair:3   | Killed a five-headed hydra
 12981 | Lair:3   | Reached skill level 10 in Spellcasting
 13105 | Lair:3   | Killed a seven-headed hydra
 13610 | Lair:3   | Found a runed translucent door.
 13642 | Lair:3   | HP: 2/79 [cloud of flame (9)]
 13922 | Lair:3   | Identified the amulet "Liefymiy" {Reflect rPois Int+3 SH+5}
 14004 | Lair:3   | Found a staircase to the Shoals.
 14442 | Lair:3   | Learned a level 6 spell: Iron Shot
 14443 | Lair:4   | Noticed a death yak
 14452 | Lair:3   | Killed a death yak
 14535 | Lair:4   | Noticed a death yak
 14535 | Lair:4   | Noticed a death yak
 14535 | Lair:4   | Noticed a death yak
 14540 | Lair:4   | Killed a death yak
 14540 | Lair:4   | Reached **** piety under Sif Muna
 14541 | Lair:4   | Reached skill level 1 in Earth Magic
 14541 | Lair:4   | Reached XP level 13. HP: 84/84 MP: 23/27
 15563 | D:10     | Entered Level 10 of the Dungeon
 15575 | D:10     | Identified the orb of Trial and Error {*Rage, Rampage rC+++
                  | Int-4}
 16537 | D:11     | Noticed Harold
 16537 | D:11     | Reached ***** piety under Sif Muna
 16557 | D:11     | Received a gift from Sif Muna
 16557 | D:11     | Killed Harold
 16558 | D:11     | Got Sif Muna's Simple Theurgy {god gift}
 16564 | D:11     | Learned a level 4 spell: Summon Lightning Spire
 16860 | D:11     | Learned a level 5 spell: Freezing Cloud
 17028 | D:11     | Reached skill level 1 in Air Magic
 17357 | D:11     | Reached skill level 1 in Ice Magic
 17635 | D:11     | Noticed Grum
 17641 | D:11     | Killed Grum
 18166 | D:11     | Learned a level 4 spell: Fulminant Prism
 18190 | D:12     | Found Avixkut's Antique Weapon Shoppe.
 18203 | D:12     | Bought an encrusted whip for 240 gold pieces
 18203 | D:12     | Identified the +1 whip of Peace {protect, rF+} (You bought
                  | it in a shop on level 12 of the Dungeon)
 18266 | D:12     | Reached skill level 1 in Shields
 18268 | D:12     | Reached skill level 10 in Conjurations
 18668 | D:12     | Found a staircase to the Orcish Mines.
 18752 | D:12     | Reached XP level 14. HP: 87/91 MP: 16/29
 18995 | D:12     | Reached skill level 5 in Dodging
 19059 | D:12     | Received a gift from Sif Muna
 19064 | D:12     | Got Sif Muna's Catalogue of Injurious Conduction {god gift}
 19073 | D:12     | Learned a level 7 spell: Orb of Destruction
 19622 | D:13     | Identified the +8 whip "Yraexom" {spect, rCorr}
 20874 | D:13     | Reached skill level 10 in Invocations
 21119 | D:13     | Found a gate to the Vaults.
 22305 | D:15     | Entered Level 15 of the Dungeon
 22576 | D:15     | Reached skill level 5 in Earth Magic
 22912 | D:15     | Mangled by a juggernaut skeleton

Illustrated notes

Levels and vault maps discovered:
D:1:      dpeg_arrival_windows_large_door, layout_basic,
          minmay_shallow_snake_nest
D:2:      layout_loops_ring, hellmonk_ecumenical_altar_crossroads, uniq_jessica
D:3:      layout_basic, zin_purify
D:4:      layout_basic, gammafunk_temple_overflow_statue,
          minmay_temple_entry_junction, nicolae_hexahallways,
          minmay_shop_damaged, st_stairs_8, uniq_robin, uniq_pikel, uniq_edmund
D:5:      layout_layer_cave, nicolae_tso_besieged_by_evil,
          mainiacjoe_overflow_small_starburst,
          lemuel_mausoleum_altar_kikubaaqudgha, chequers_serial_rivers_micro_c
D:6:      layout_cave_pods, nicolae_sif_muna_condensation,
          mainiacjoe_overflow_surrounded_room, dreamdust_princess_corridor
D:7:      layout_loops_cross, uniq_prince_ribbit1
D:8:      layout_loops_corners, evilmike_ruin_ashenzari,
          biasface_ghost_orc_armoury
D:9:      layout_rooms, erik_lair_island, serial_bayou_pond_e
D:10:     layout_roguey [special_room_orc], chequers_arboretum,
          grunt_ministairs_2
D:11:     layout_roguey, special_room [special_room_orc], minivault_26,
          uniq_harold, uniq_grum
D:12:     layout_rooms, hiddenorc1_lemuel, serial_shops,
          nicolae_shop_hallway_stairs
D:13:     layout_grid_maze, hangedman_vaults_entry_quadrant_bands,
          nicolae_concentric_dashed_squares_wild, nooodl_orcs_dogs
D:14:     layout_rooms, nicolae_figureground_pulse, nicolae_danse_macabre
D:15:     gammafunk_depths_entry_grave, layout_loops_ring, chequers_jeans,
          patterned_corridor
Lair:1:   layout_regular_city, grunt_megastairs_5
Lair:2:   layout_hall_layers, guppyfry_snake_entry_garden, lemuel_fruit_tree
Lair:3:   layout_loops_ring, elwin_shoals_entry_rooms,
          chequers_serial_rivers_room_b, pdpol_lair_cabin_in_the_woods,
          grunt_megastairs_3
Lair:4:   layout_gridlike, beast_lair_carwin_1, lemuel_fruit_fields,
          lemuel_fruit_fields

Skill      XL: |  1  2  3  4  5  6  7  8  9 10 11 12 13 14 |
---------------+-------------------------------------------+-----
Stealth        | 3 4 5 6 |  6.0
Fire Magic     | 4 5 7 8 9 10 11 12 | 12.2
Spellcasting   | 3 4 5 6 8 9 10 11 12 | 12.0
Short Blades   | 1 3 4 5 |  5.8
Conjurations   | 2 3 4 6 7 9 10 | 10.5
Fighting       | 1 2 3 4 |  4.3
Dodging        | 3 4 5 |  5.9
Hexes          | 1 2 3 |  3.4
Invocations    | 3 5 6 8 9 10 | 10.2
Earth Magic    | 1 4 5 |  5.3
Air Magic      | 2 4 |  4.2
Ice Magic      | 1 3 |  3.5
Shields        | 1 |  1.4
Throwing       | |  0.1
Unarmed Combat | |  0.1
Evocations     | |  0.4

Action                     |  1- 3 |  4- 6 |  7- 9 | 10-12 | 13-15 || total
---------------------------+-------+-------+-------+-------+-------++-------
  Melee: Constrict         |     4 |    21 |    14 |     2 |     6 ||    47
         Dagger            |     8 |       |       |       |       ||     8
         Tentacles         |     2 |    17 |    27 |     2 |    32 ||    80
         Hand axe          |     2 |       |       |       |       ||     2
         Unarmed           |     2 |       |       |       |       ||     2
         Short sword       |       |    27 |       |       |       ||    27
         Rapier            |       |    53 |    76 |    34 |    33 ||   196
         Punch             |       |     2 |       |       |     2 ||     4
         Whip              |       |       |       |       |    46 ||    46
  Throw: Dart              |       |       |       |       |     4 ||     4
   Cast: Foxfire           |    37 |    60 |    66 |   279 |   278 ||   720
         Scorch            |     2 |    11 |    27 |    83 |   120 ||   243
         Inner Flame       |       |     6 |     8 |    33 |    53 ||   100
         Flame Wave        |       |       |       |    26 |    62 ||    88
         Summon Lightning  |       |       |       |       |     6 ||     6
         Iron Shot         |       |       |       |       |     1 ||     1
         Freezing Cloud    |       |       |       |       |     2 ||     2
 Invoke: Channel Magic     |       |       |       |     1 |     1 ||     2
  Evoke: Wand              |       |       |       |     3 |     4 ||     7
    Use: Potion            |       |     4 |     1 |     7 |     3 ||    15
         Scroll            |       |       |     9 |     7 |     9 ||    25
   Stab: Sleeping          |     1 |     7 |     8 |     7 |     2 ||    25
         Distracted        |       |     1 |       |       |       ||     1
 Armour: Skin              |     4 |     3 |     2 |    10 |    33 ||    52
  Dodge: Dodged            |    15 |    47 |    60 |    47 |   132 ||   301
  Block: Other             |       |       |       |     1 |    52 ||    53
         Reflection        |       |       |       |       |     6 ||     6

Table legend: (Time is in decaauts)
 A = Elapsed time spent in this place.
 B = Non-inter-level travel time spent in this place.
 C = Inter-level travel time spent in this place.
 D = Time resting spent in this place.
 E = Time spent auto-exploring this place.
 F = Levels seen in this place.
 G = Mean time per level.
                   A        B        C        D        E       F      G
               +--------+--------+--------+--------+--------+-----+--------+
         Total |  22908 |  22328 |    580 |   1028 |  17059 |  19 | 1205.7 |
       Dungeon |  17529 |  17032 |    497 |    207 |  13447 |  15 | 1168.6 |
          Lair |   5379 |   5296 |     83 |    821 |   3612 |   4 | 1344.8 |
               +--------+--------+--------+--------+--------+-----+--------+

Top non-repeatable levels by time:
  Lair:3: 2432 daAuts
    D:13: 2180 daAuts
    D:11: 1776 daAuts
     D:5: 1689 daAuts
    D:12: 1359 daAuts
     D:6: 1334 daAuts
     D:4: 1310 daAuts
     D:9: 1300 daAuts
  Lair:1: 1294 daAuts
     D:8: 1149 daAuts
  Lair:2: 1079 daAuts
     D:7: 1019 daAuts
     D:1: 913 daAuts
    D:10: 840 daAuts
     D:2: 808 daAuts
